 Dungeon Crawl Stone Soup version 0.19-a0-1697-g0595f0e (webtiles) character file.

1241 Amnesiac the Geomancer (level 8, -4/41 HPs)
             Began as a Deep Elf Earth Elementalist on Sept 26, 2016.
             Killed from afar by Pikel (17 damage)
             ... with a wand of lightning
             ... on level 6 of the Dungeon.
             The game lasted 00:06:04 (3934 turns).

Amnesiac the Geomancer (DEEE)                       Turns: 3934, Time: 00:06:05

Health: -4/41      AC:  3    Str:  5    XL:     8   Next: 25%
Magic:  0/21       EV: 13    Int: 23    God:
Gold:   299        SH:  0    Dex: 15    Spells: 4 memorised, 10 levels left

rFire  . . .     SeeInvis +     b - 2 stones
rCold  . . .     Gourm    .     c - +0 robe
rNeg   . . .     Faith    .     (no shield)
rPois  .         Spirit   .     (no helmet)
rElec  .         Dismiss  .     (no cloak)
rCorr  .         Reflect  .     (no gloves)
MR     .....     Harm     .     (no boots)
Stlth  ++........               (no amulet)
                                (no ring)
                                k - ring of see invisible

@: no status effects
A: no striking features
a: no special abilities


You were on level 6 of the Dungeon.
You were very hungry.

You visited 1 branch of the dungeon, and saw 6 of its levels.
You also visited: Sewer.

You collected 299 gold pieces.

Inventory:

Hand Weapons
 v - a +1 short sword of protection
Missiles
 b - 2 stones (in hand)
Armour
 c - a +0 robe (worn)
Jewellery
 k - a ring of see invisible (left hand)
 s - an uncursed ring of fire
Scrolls
 a - 2 scrolls of fear {unknown}
 g - 2 scrolls of remove curse {unknown}
 h - 3 scrolls of identify {unknown}
 l - a scroll of magic mapping {unknown}
 n - a scroll of recharging {unknown}
 p - 2 scrolls of enchant armour {unknown}
 r - a scroll of random uselessness {unknown}
 u - a scroll of teleportation {unknown}
Potions
 j - 9 potions of curing {unknown}
 o - a potion of berserk rage {unknown}
 t - 3 potions of heal wounds
 w - 3 potions of might {unknown}
 x - a potion of agility {unknown}
Books
 e - a book of Geomancy

   Spells                             Type                      Level
   a - Sandblast                      Earth                        1
   b - Passwall                       Transmutation/Earth          2
   c - Stone Arrow                    Conjuration/Earth            3
   d - Petrify                        Transmutation/Earth          4
   e - Lee's Rapid Deconstruction     Earth                        5
Comestibles
 d - 3 bread rations
 f - 3 meat rations
 i - 5 fruits
 m - a beef jerky


   Skills:
 - Level 2.4 Dodging
 - Level 2.4 Stealth
 + Level 7.9 Spellcasting
 - Level 1.1 Transmutations
 * Level 9.6 Earth Magic


You had 10 spell levels left.
You knew the following spells:

 Your Spells              Type           Power        Failure   Level  Hunger
e - Petrify               Tmut/Erth      ####....     10%         4    ###....
f - Lee's Rapid Deconstr  Erth           ######....   4%          5    #####..
v - Passwall              Tmut/Erth      ####......   1%          2    None
z - Sandblast             Erth           ######       1%          1    None


Dungeon Overview and Level Annotations

Branches:
Dungeon (6/15)
 Temple: D:4-7

Altars:
Gozag
Zin
The Shining One

Shops:
D:6 [

Annotations:
D:6 Pikel


Message History

Pikel is almost dead.
Unknown command.
Unknown command.
Pikel zaps a wand.
The bolt of lightning misses you. x2
Unknown command.
A slave comes into view.
Unknown command.
The slave shouts!
Pikel zaps a wand.
The bolt of lightning hits you! The bolt of lightning misses you.
There is a stone staircase leading up here.
Casting: Sandblast
Confirm with . or Enter, or press ? or * to list all spells.
Aiming: Sandblast
Press: ? - help, Shift-Dir - straight line, f/p - Pikel
Aim: Pikel, wielding a whip of flaming, wearing a runed robe and carrying a wand of lightning {zapped: 8} (almost dead)
The rocky blast hits Pikel.
Pikel is almost dead.
Pikel zaps a wand.
The bolt of lightning hits you!
You die...

#.##.# #.##p#
#.##p# #.##.#
#<##p# #.##.#
>.#####p##.# .
...).....Kp#
#...#####@####
#......#
#.######


You could see Pikel and 2 slaves.

Vanquished Creatures
  An ice beast (D:5)
  2 phantoms (D:5)
  An ogre (D:5)
  A centaur (D:6)
  3 big kobolds (Sewer)
  A bullfrog (D:6)
  2 scorpions (D:5)
  2 howler monkeys
  3 orc wizards
  2 orc priests
  A hound (D:6)
  An iguana (D:4)
  A worker ant (D:5)
  A hound zombie (D:6)
  4 adders
  2 oozes
  2 worms
  A dart slug (D:3)
  6 leopard geckos
  13 orcs
  4 giant cockroaches
  4 goblins
  3 hobgoblins (D:1)
  5 jackals
  3 quokkas
  6 ball pythons
  6 bats
  3 frilled lizards
  18 kobolds
  4 rats
106 creatures vanquished.

Notes
Turn   | Place    | Note
-------+----------+-------------------------------------------
     0 | D:1      | Amnesiac the Deep Elf Earth Elementalist began the quest for the Orb.
     0 | D:1      | Reached XP level 1. HP: 10/10 MP: 6/6
   281 | D:1      | Reached XP level 2. HP: 15/15 MP: 2/8
   381 | D:2      | Reached skill level 4 in Earth Magic
   462 | D:2      | Reached XP level 3. HP: 19/19 MP: 2/10
  1363 | D:4      | Reached XP level 4. HP: 24/24 MP: 6/12
  1551 | D:4      | Found an opulent altar of Gozag.
  1552 | D:4      | Found a glowing silver altar of Zin.
  1703 | D:4      | Reached skill level 5 in Earth Magic
  1921 | D:4      | Reached XP level 5. HP: 14/28 MP: 9/14
  2250 | D:4      | Reached skill level 5 in Spellcasting
  2272 | D:4      | Reached skill level 6 in Earth Magic
  2496 | D:5      | Entered Level 5 of the Dungeon
  2573 | D:5      | Found a glowing golden altar of the Shining One.
  2635 | D:5      | Noticed an ice beast
  2639 | D:5      | Killed an ice beast
  2639 | D:5      | Reached XP level 6. HP: 32/32 MP: 12/16
  2646 | D:5      | Learned a level 5 spell: Lee's Rapid Deconstruction
  2651 | D:5      | Learned a level 4 spell: Petrify
  2654 | D:5      | Learned a level 2 spell: Passwall
  2657 | D:5      | Reached skill level 7 in Earth Magic
  2724 | D:5      | Reached XP level 7. HP: 31/36 MP: 4/18
  2859 | D:5      | Reached skill level 8 in Earth Magic
  3074 | D:5      | Found a glowing drain.
  3087 | Sewer    | Entered a sewer
  3535 | Sewer    | Reached skill level 9 in Earth Magic
  3536 | Sewer    | Reached XP level 8. HP: 41/41 MP: 14/21
  3889 | D:6      | Found Zech's Antique Armour Emporium.
  3906 | D:6      | Noticed Pikel
  3934 | D:6      | Killed from afar by Pikel

Vault maps used:
D:1:      minmay_arrival_solitary_statue
D:2:      kennysheep_cross_bottleneck, minmay_tripent
D:3:      hex_tiny
D:4:      grunt_temple_overflow_gold_and_silver, first_bread
D:5:      basic_altar, portal_sewer_entry_f
D:6:      serial_shops, shop, uniq_sigmund, uniq_pikel, uniq_blork_the_orc
Sewer:    kennysheep_pipe_town

Skill      XL: |  1  2  3  4  5  6  7 |
---------------+----------------------+-----
Earth Magic    | 4 5 6 7 9 |  9.6
Spellcasting   | 4 5 6 7 |  7.9
Dodging        | |  2.4
Stealth        | |  2.4
Transmutations | |  1.1

Action                   |  1- 3 |  4- 6 |  7- 9 || total
-------------------------+-------+-------+-------++-------
Melee: Unarmed           |     2 |       |       ||     2
 Cast: Sandblast         |    56 |    41 |    83 ||   180
       Lee's Rapid Decon |       |     2 |     1 ||     3
       Petrify           |       |       |     2 ||     2
  Use: Potion            |       |       |     2 ||     2
  Eat: Chunk             |     1 |     5 |     3 ||     9
Armor: Robe              |     6 |     1 |     6 ||    13
Dodge: Dodged            |    15 |    10 |    28 ||    53
